 Dungeon Crawl Stone Soup version 0.29-a0-824-gd827844252 (webtiles) character file.

Game seed: 6888870172058846521

75 gobodom the Covered (level 4, 0/28 HPs)
             Began as a Gargoyle Fighter on July 10, 2022.
             Slain by Sigmund
             ... wielding a +0 scythe
              (10 damage)
             ... on level 2 of the Dungeon.
             The game lasted 00:03:54 (1660 turns).

gobodom the Covered (Gargoyle Fighter)              Turns: 1660, Time: 00:03:54

Health: 0/28       AC: 10    Str: 21    XL:     4   Next: 31%
Magic:  4/4        EV:  8    Int:  9    God:
Gold:   123        SH:  8    Dex:  9    Spells: 3/3 levels left

rFire   . . .      SeeInvis .   a - +0 war axe
rCold   . . .      Faith    .   i - +0 kite shield
rNeg    + . .      Spirit   .   b - +0 scale mail
rPois   ∞          Reflect  .   (no helmet)
rElec   +          Harm     .   (no cloak)
rCorr   .          Rampage  .   (no gloves)
Will    .....                   (no boots)
Stlth   ..........              l - amulet of regeneration
HPRegen 0.89/turn               (no ring)
MPRegen 0.09/turn               (no ring)

@: no status effects
A: sickness immunity, AC +3, negative energy resistance 1, electricity
resistance, torment resistance 1, petrification resistance
a: no special abilities


You were on level 2 of the Dungeon.
You visited 1 branch of the dungeon, and saw 2 of its levels.

You collected 123 gold pieces.

Inventory:

Hand Weapons
 a - a +0 war axe (weapon)
Missiles
 q - 2 boomerangs of dispersal (quivered)
 s - 2 boomerangs
Armour
 b - a +0 scale mail (worn)
 c - a +0 buckler
 i - a +0 kite shield (worn)
Magical Staves
 k - a staff of death
Jewellery
 l - an amulet of regeneration (around neck)
Scrolls
 e - a scroll of enchant weapon {unknown}
 f - a scroll of summoning {unknown}
 g - a scroll of noise {unknown}
 h - a scroll of identify {unknown}
 j - a scroll of teleportation {unknown}
 m - a scroll of fear {unknown}
Potions
 d - a potion of might
 n - 2 potions of degeneration {unknown}
 o - 2 potions of haste {unknown}
 p - a potion of resistance {unknown}
 r - a potion of attraction {unknown}


   Skills:
 + Level 3.6 Fighting
 + Level 2.9 Axes
 + Level 3.7 Armour
 + Level 0.7 Dodging
 + Level 3.7 Shields


You had 3 spell levels left.
You didn't know any spells.
Your spell library contained the following spells:

 Spells                   Type           Power      Damage    Failure   Level
 Leda's Liquefaction      Hex/Erth       0%         N/A       100%        4
 Lee's Rapid Deconstruct  Erth           0%         3d5*      100%        5
 Statue Form              Tmut/Erth      Unusable   N/A       N/A         6

Dungeon Overview and Level Annotations

Branches:
Dungeon (2/15)

Altars:
Ru

Annotations:
D:2 Sigmund


Innate Abilities, Weirdness & Mutations

You are immune to sickness and miasma.
Your stone body is resilient. (AC +3)
You are immune to poison.
You resist negative energy. (rN+)
You are resistant to electric shocks. (rElec)
You are resistant to unholy torment.
You are immune to petrification.


Message History

You pick up a book of the Earth and begin reading...
You add the spells Leda's Liquefaction and Lee's Rapid Deconstruction to your library.
Sigmund the Dreaded comes into view.
He is wielding a +0 scythe.
Found a robe.
Sigmund shouts!
Sigmund hits you from afar with a +0 scythe!
Sigmund hits you with a +0 scythe.
You closely miss Sigmund.
Sigmund points at you and mumbles some strange words.
You resist with some effort.
You completely miss Sigmund. Sigmund hits you with a +0 scythe.
You hit Sigmund but do no damage. Sigmund gestures at you while chanting.
The magic dart hits you.
You hit Sigmund.
Sigmund is moderately wounded.
Sigmund points at you and mumbles some strange words.
You are confused.
Sigmund closely misses you.
You bump into the rock wall.
You bump into the rock wall.
Sigmund casts a spell.
Sigmund flickers and vanishes!
Deactivating autopickup; reactivate with Ctrl-A.
Something hits you.
You bump into the rock wall.
Something hits you but does no damage.
You bump into the rock wall.
You feel less confused. Something hits you!
You miss something. You block something's attack.
You barely miss something.
You hear some strange, mumbled words.
A puff of flame appears from out of thin air!
The puff of flame misses you.
You barely miss something. Something hits you!
You barely miss something. Something hits you but does no damage.
You closely miss something. Something hits you.
* * * LOW HITPOINT WARNING * * *
You miss something. Something hits you!
You die...

#####
####...############
....>......)....@.#
##.#...##########{#
#.#...# #.# #.#...#
#.# #.#...# #.#
#.#...# #[#
##.#...# #.#
...##### #.#
#..###### #.#


There were no monsters in sight!

Vanquished Creatures
  Jessica (D:2)
  An adder (D:2)
  3 orcs (D:2)
  5 ball pythons
  2 endoplasms
  4 goblins
  5 hobgoblins
  4 jackals (D:1)
  4 kobolds (D:1)
  2 quokkas (D:1)
  A bat (D:1)
  2 frilled lizards (D:1)
  A rat (D:2)
35 creatures vanquished.

Notes
Turn   | Place    | Note
-------+----------+-------------------------------------------
     0 | D:1      | gobodom the Gargoyle Fighter began the quest for the Orb.
     0 | D:1      | Reached XP level 1. HP: 14/14 MP: 1/1
   161 | D:1      | Reached XP level 2. HP: 10/19 MP: 2/2
  1213 | D:1      | Found a faded altar of an unknown god.
  1297 | D:1      | Reached XP level 3. HP: 23/23 MP: 3/3
  1301 | D:1      | Prayed at the altar of an unknown god.
  1301 | D:1      | Became a worshipper of Ru the Awakened
  1316 | D:1      | Fell from the grace of Ru
  1449 | D:2      | Noticed Jessica
  1458 | D:2      | Killed Jessica
  1459 | D:2      | Reached XP level 4. HP: 28/28 MP: 4/4
  1642 | D:2      | Noticed Sigmund
  1660 | D:2      | Slain by Sigmund

Illustrated notes

Levels and vault maps discovered:
D:1:      wander_arrival_fairy_ring, layout_loops_ring,
          ebering_ecumenical_altar_hall
D:2:      layout_basic, basic_altar, guppyfry_early_orc_mine, uniq_sigmund,
          uniq_jessica

Skill      XL: |  1  2 |
---------------+-------+-----
Axes           | 2 |  2.9
Fighting       | |  3.6
Armour         | |  3.7
Dodging        | |  0.7
Shields        | |  3.7

Action                   |  1- 3 |  4- 6 || total
-------------------------+-------+-------++-------
Melee: War axe           |   104 |    20 ||   124
Invok: Renounce Religion |     1 |       ||     1
Armor: Scale mail        |    60 |    14 ||    74
Dodge: Dodged            |    69 |    13 ||    82
Block: Buckler           |    18 |       ||    18
       Kite shield       |    28 |     6 ||    34

Table legend: (Time is in decaauts)
 A = Elapsed time spent in this place.
 B = Non-inter-level travel time spent in this place.
 C = Inter-level travel time spent in this place.
 D = Time resting spent in this place.
 E = Time spent auto-exploring this place.
 F = Levels seen in this place.
 G = Mean time per level.
                   A        B        C        D        E       F      G
               +--------+--------+--------+--------+--------+-----+--------+
         Total |   1721 |   1708 |     13 |    418 |    913 |   2 |  860.5 |
       Dungeon |   1721 |   1708 |     13 |    418 |    913 |   2 |  860.5 |
               +--------+--------+--------+--------+--------+-----+--------+

Top non-repeatable levels by time:
     D:1: 1464 daAuts
     D:2: 256 daAuts
